 Dungeon Crawl Stone Soup version 0.25-a0-734-g73332ae (webtiles) character file.

Game seed: 7751705183618229166, levelgen mode: deterministic

50498 HDogLeCool the Bludgeoner (level 14, -8/96 HPs)
             Began as a Gargoyle Berserker on Apr 10, 2020.
             Was a High Priest of Trog.
             Killed by divine providence
             ... invoked by an orc priest
              (9 damage)
             ... on level 2 of the Orcish Mines.
             The game lasted 01:02:31 (20490 turns).

HDogLeCool the Bludgeoner (Gargoyle Berserker)     Turns: 20490, Time: 01:02:32

Health: -8/96      AC: 38    Str: 25    XL:     14   Next: 55%
Magic:  0/18       EV: 11    Int:  9    God:    Trog [*****.]
Gold:   1328       SH:  0    Dex: 14    Spells: 13/13 levels left

rFire    + + .     SeeInvis .   a - +4 great mace (protect)
rCold    + . .     Gourm    .   (shield currently unavailable)
rNeg     + . .     Faith    .   D - +5 scale mail "Tuschy" {rF+ Dex+2}
rPois    ∞         Spirit   +   o - +1 helmet
rElec    +         Reflect  .   p - +0 cloak
rCorr    .         Harm     .   i - +0 pair of fencer's gloves {Riposte Dex+3}
MR       +....                  N - +0 pair of boots
Stlth    ..........             z - amulet of guardian spirit
HPRegen  0.26/turn              S - ring of protection from cold
MPRegen  0.16/turn              I - ring of protection from fire

@: protection aura, berserk cooldown, slowed, very slow
A: big wings, negative energy resistance 1, electricity resistance, unbreathing,
petrification resistance, rot immunity, AC +10
a: Fly, Berserk, Trog's Hand, Brothers in Arms, Renounce Religion


You were on level 2 of the Orcish Mines.
You worshipped Trog.
Trog was extremely pleased with you.
You were hungry.

You visited 3 branches of the dungeon, and saw 21 of its levels.
You visited 1 bazaar.
You also visited: Bailey.

You collected 1772 gold pieces.
You spent 444 gold pieces at shops.

Inventory:

Hand Weapons
 a - a +4 great mace of protection (weapon)
 f - a +5 dire flail
 A - the +9 short sword of Defence {freeze, rPois Str+3 Int+5}
   (You found it on level 7 of the Dungeon)

   It has been specially enchanted to freeze those struck by it, causing extra
   injury to most foes and up to half again as much damage against particularly
   susceptible opponents.
   It can also slow down cold-blooded creatures.
   It affects your strength (+3).
   It affects your intelligence (+5).
   It protects you from poison.
Missiles
 d - a throwing net
 j - 77 poisoned darts
 s - 303 stones (quivered)
 O - 14 curare-tipped darts
Armour
 i - the +0 pair of fencer's gloves (worn) {Riposte Dex+3}
   (You acquired it on level 2 of the Lair of Beasts)

   It affects your dexterity (+3).
 o - a +1 helmet (worn)
 p - a +0 cloak (worn)
 D - the +5 scale mail "Tuschy" (worn) {rF+ Dex+2}
   (You found it on level 10 of the Dungeon)

   It affects your dexterity (+2).
   It protects you from fire.
 N - a +0 pair of boots (worn)
 P - a +2 plate armour of fire resistance
Jewellery
 z - an amulet of guardian spirit (around neck)
 I - a ring of protection from fire (right hand)
 S - a ring of protection from cold (left hand)
 V - an uncursed ring of see invisible
Wands
 x - a wand of random effects (43)
 G - a wand of iceblast (4)
 H - a wand of polymorph (18)
 J - a wand of paralysis (11)
 L - a wand of scattershot (7)
 Q - a wand of flame (13)
 R - a wand of digging (6)
 T - a wand of acid (16)
Scrolls
 h - 3 scrolls of silence
 k - 3 scrolls of enchant armour
 l - 4 scrolls of vulnerability
 n - 4 scrolls of remove curse
 u - a scroll of enchant weapon
 v - 3 scrolls of fog
 w - 2 scrolls of blinking
 y - 7 scrolls of teleportation
 B - a scroll of brand weapon {unknown}
 E - 2 scrolls of magic mapping
 M - 7 scrolls of identify
 U - a scroll of summoning {unknown}
Potions
 b - 2 potions of lignification
 e - 2 potions of haste {unknown}
 g - 3 potions of magic {unknown}
 m - 4 potions of might
 q - 2 potions of flight
 r - 5 potions of cancellation {unknown}
 t - 4 potions of stabbing {unknown}
 C - 5 potions of curing
 F - 3 potions of invisibility {unknown}
 K - a potion of ambrosia {unknown}
 W - a potion of resistance {unknown}
Comestibles
 c - 28 rations
 X - a chunk of flesh


   Skills:
 + Level 14.4 Fighting
 * Level 16.4 Maces & Flails
 + Level 11.9 Armour
 * Level 2.3 Dodging
 + Level 5.6 Evocations


You had 13 spell levels left.
You didn't know any spells.
Your spell library was empty.

Dungeon Overview and Level Annotations

Branches:
Dungeon (13/15)            Temple (0/1) D:4            Lair (6/6) D:8
  Swamp (0/4) Lair:3        Snake (0/4) Lair:3          Orc (2/2) D:9
 Bailey (visited)
  Slime: Lair:5-6       Elf: Orc:2       Vaults: D:13-14

Altars:
Ashenzari
Elyvilon
Hepliaklqana
Makhleb
Okawaru
Qazlal
Trog
Uskayaw
Wu Jian
Xom
Yredelemnul

Annotations:
Lair:5 exclusion: oklob plant
Orc:2 Azrael


Innate Abilities, Weirdness & Mutations

You are resistant to torment.
Your stone body is resilient. (AC +10)
You are immune to poison.
Your large and strong wings let you fly indefinitely.
You resist negative energy. (rN+)
You are resistant to electric shocks. (rElec)
You can survive without breathing.
You are immune to petrification.
You are immune to rotting.


Message History

The fire elemental closely misses you.
You riposte.
You thump the fire elemental!
The fire elemental is heavily damaged.
You hear a shout! x5
You hear a shout!
The hell hound breathes flames at you.
The blast of flame hits the fire elemental.
The fire elemental completely resists.
The blast of flame hits you. You resist.
* * * LOW HITPOINT WARNING * * *
Azrael gestures at you.
The bolt of fire hits the fire elemental.
The fire elemental completely resists.
The bolt of fire hits you! You resist.
* * * LOW HITPOINT WARNING * * *
The fire elemental closely misses you. The fire elemental hits you.
The fire elemental burns you! You resist.
* * * LOW HITPOINT WARNING * * *
The fire elemental hits you.
The orc priest invokes the aid of Beogh against you.
Beogh smites you!
You die...

....###.....#####.#
....###.........#.#
.....##.#......##.#
.....#........###.#
.....##.......#.#.#
.....))...........#
#....)).#.#.#.#...#
#.......####......#
##.#.....#......@.#
####....#......EEE## .
.##...##....#...○h☼## ..^
..##.####........○○○######oo.##
...### ###.#....#○°R○☼.oo{o...
.##.# #.......o.°oo.))......
..### ...........oooo......$
..# ......$...........$.. .##
##...................


You could see Azrael, 2 orc high priests, 3 fire elementals, an orc warrior, a
hell hound, 2 orc priests and 2 orcs.

Vanquished Creatures
  Kirke (Lair:5)
  Nessos (Lair:5)
  Josephine (Lair:6)
  3 hydras
  A catoblepas (Lair:4)
  Erica (D:8)
  2 two-headed ogres
  Sonja (D:11)
  A deep elf archer (Bailey)
  An unseen horror (D:12)
  A cyclops (D:11)
  9 deep elf magi
  2 oklob plants (Lair:6)
  An ugly thing (D:11)
  A black mamba (Lair:5)
  12 elephants
  A molten gargoyle (D:10)
  Psyche (D:12)
  13 spiny frogs
  3 rime drakes
  2 komodo dragons
  2 polar bears (Lair:6)
  4 trolls
  4 hornets (Lair:6)
  A dream sheep (Lair:6)
  13 blink frogs
  4 hippogriffs
  Sigmund (D:4)
  Eustachio (D:5)
  13 spriggans (Lair:6)
  3 wraiths (Lair:6)
  A wyvern (D:11)
  24 yaks
  2 fire elementals (Orc:2)
  4 hogs (Lair:5)
  A hungry ghost (D:8)
  A steam dragon (Lair:4)
  3 wargs
  Menkaure (D:4)
  A soldier ant (D:12)
  Edmund (D:4)
  5 water moccasins
  8 porcupines
  2 hell hounds (Orc:2)
  14 orc warriors
  2 sky beasts
  4 black bears (Lair:6)
  An ice beast (D:6)
  3 phantoms
  5 boggarts (Lair:6)
  9 ogres
  2 centaurs
  29 wolves
  A big kobold (D:12)
  10 crocodiles
  14 bullfrogs
  A wyvern zombie (D:11)
  A scorpion (D:11)
  A water moccasin skeleton (D:11)
  7 wights
  3 howler monkeys
  2 electric eels (D:8)
  6 crimson imps
  A quasit (D:9)
  10 hounds
  A jelly (D:11)
  14 orc wizards
  11 orc priests
  A bullfrog skeleton (D:6)
  3 centaur skeletons
  15 worker ants
  3 iguanas
  A hound zombie (D:5)
  2 hound skeletons
  4 gnolls (D:6)
  15 adders
  3 shadow imps
  An adder zombie (D:5)
  An adder skeleton (D:4)
  4 worms
  A dart slug (D:3)
  4 leopard geckos
  52 orcs
  7 giant cockroaches
  6 goblins
  11 hobgoblins
  8 jackals
  10 kobolds
  6 quokkas
  A ball python (D:1)
  6 bats
  A frilled lizard (D:1)
  2 leopard gecko zombies
  2 quokka skeletons (D:5)
  11 rats
492 creatures vanquished.

Vanquished Creatures (others)
  A human (Lair:5)
  A crocodile (Lair:5)
  A jelly (D:11)
  5 orcs (D:10)
  7 fungi (Lair:5)
  3 plants (Lair:5)
18 creatures vanquished.

Grand Total: 510 creatures vanquished

Notes
Turn   | Place    | Note
-------+----------+-------------------------------------------
     0 | D:1      | HDogLeCool the Gargoyle Berserker began the quest for the
                  | Orb.
     0 | D:1      | Reached XP level 1. HP: 14/14 MP: 1/1
   334 | D:1      | Reached XP level 2. HP: 19/19 MP: 2/2
  1062 | D:2      | You fall into a shaft and drop 2 floors!
  1062 | D:4      | Noticed Edmund
  1064 | D:4      | Noticed an ogre
  1075 | D:3      | Reached XP level 3. HP: 17/23 MP: 3/3
  1419 | D:3      | Reached XP level 4. HP: 29/29 MP: 4/4
  1790 | D:3      | Reached skill level 4 in Maces & Flails
  2159 | D:2      | Reached ** piety under Trog
  2304 | D:2      | Reached XP level 5. HP: 32/33 MP: 5/5
  2317 | D:2      | Found an ornate altar of the Wu Jian Council.
  2317 | D:2      | Found a white marble altar of Elyvilon.
  2350 | D:2      | Found a shimmering altar of Xom.
  2350 | D:2      | Found a hide-covered altar of Uskayaw.
  2804 | D:2      | You fall into a shaft and drop 2 floors!
  3153 | D:4      | Noticed Sigmund
  3165 | D:4      | Killed Sigmund
  3165 | D:4      | Reached skill level 5 in Maces & Flails
  3165 | D:4      | Reached XP level 6. HP: 39/39 MP: 6/6
  3411 | D:4      | Reached skill level 5 in Fighting
  3411 | D:4      | Reached XP level 7. HP: 30/44 MP: 7/7
  3619 | D:4      | Killed Edmund
  3619 | D:4      | Reached skill level 6 in Maces & Flails
  3686 | D:4      | Got a fine leather armour
  3693 | D:4      | Found an iron altar of Okawaru.
  3784 | D:4      | Found a staircase to the Ecumenical Temple.
  4004 | D:4      | Noticed Menkaure
  4012 | D:4      | Killed Menkaure
  4012 | D:4      | Reached *** piety under Trog
  4121 | D:5      | Entered Level 5 of the Dungeon
  4123 | D:5      | Identified the +1 leather armour "Medweess" {MR+ Int-5
                  | Dex+4} (You found it on level 4 of the Dungeon)
  4144 | D:5      | Reached skill level 5 in Armour
  4184 | D:5      | Noticed Eustachio
  4236 | D:5      | Reached XP level 8. HP: 51/51 MP: 8/8
  4342 | D:5      | Killed Eustachio
  4342 | D:5      | Reached skill level 7 in Maces & Flails
  4545 | D:5      | Found a burning altar of Makhleb.
  4558 | D:5      | Found a stormy altar of Qazlal.
  4565 | D:5      | Found a basalt altar of Yredelemnul.
  4654 | D:5      | Found a bloodstained altar of Trog.
  4929 | D:6      | Reached skill level 8 in Maces & Flails
  5276 | D:6      | Reached skill level 9 in Maces & Flails
  5276 | D:6      | Reached XP level 9. HP: 57/57 MP: 9/9
  5743 | D:7      | Found a hazy altar of Hepliaklqana.
  6325 | D:7      | Identified the +9 short sword of Defence {freeze, rPois
                  | Str+3 Int+5} (You found it on level 7 of the Dungeon)
  6558 | D:8      | Reached skill level 10 in Maces & Flails
  6716 | D:8      | Got a crude ring mail
  6734 | D:8      | Noticed a troll
  6758 | D:7      | Killed a troll
  6926 | D:8      | Found a shattered altar of Ashenzari.
  6927 | D:8      | Identified the +0 ring mail "Nuner" {rF++ MR-} (You found
                  | it on level 8 of the Dungeon)
  6931 | D:8      | Noticed a two-headed ogre
  6940 | D:8      | Killed a two-headed ogre
  6940 | D:8      | Reached skill level 11 in Maces & Flails
  6940 | D:8      | Reached XP level 10. HP: 66/66 MP: 8/10
  7049 | D:8      | Reached **** piety under Trog
  7152 | D:8      | Noticed Erica
  7175 | D:8      | Killed Erica
  7692 | D:8      | Found a staircase to the Lair.
  8184 | D:9      | Reached skill level 12 in Maces & Flails
  8199 | D:9      | Found a staircase to the Orcish Mines.
  8233 | D:9      | Found a flagged portal.
  8255 | Bailey   | Entered a bailey
  8261 | Bailey   | Noticed a deep elf mage
  8276 | Bailey   | Killed a deep elf mage
  8276 | Bailey   | Reached skill level 10 in Fighting
  8284 | Bailey   | Noticed a deep elf mage
  8286 | Bailey   | Noticed a deep elf mage
  8291 | Bailey   | Killed a deep elf mage
  8291 | Bailey   | Noticed a deep elf mage
  8298 | Bailey   | Killed a deep elf mage
  8298 | Bailey   | Noticed a deep elf mage
  8305 | Bailey   | Killed a deep elf mage
  8305 | Bailey   | Reached XP level 11. HP: 73/73 MP: 11/11
  8305 | Bailey   | Noticed a deep elf mage
  8312 | Bailey   | Killed a deep elf mage
  8312 | Bailey   | Reached skill level 13 in Maces & Flails
  8349 | Bailey   | Killed a deep elf mage
  8403 | Bailey   | Noticed a deep elf mage
  8409 | Bailey   | Killed a deep elf mage
  8669 | Bailey   | Noticed a deep elf archer
  8695 | Bailey   | Killed a deep elf archer
  8789 | Bailey   | Noticed a deep elf mage
  8796 | Bailey   | Killed a deep elf mage
  9730 | D:9      | Noticed a two-headed ogre
  9736 | D:9      | Killed a two-headed ogre
 10053 | D:10     | Entered Level 10 of the Dungeon
 10120 | D:10     | Reached ***** piety under Trog
 10120 | D:10     | Received a gift from Trog
 10237 | D:10     | Reached skill level 14 in Maces & Flails
 10361 | D:10     | You fall into a shaft and drop 1 floor!
 10375 | D:11     | Noticed Sonja
 10401 | D:11     | Killed Sonja
 10484 | D:11     | Noticed a red ugly thing
 10485 | D:11     | Noticed a cyclops
 10498 | D:11     | Killed a red ugly thing
 10506 | D:11     | Killed a cyclops
 10633 | D:11     | Noticed a deep elf mage
 10657 | D:11     | Killed a deep elf mage
 10657 | D:11     | Reached XP level 12. HP: 75/81 MP: 4/12
 10984 | D:11     | Found a flickering gateway to a bazaar.
 10993 | Bazaar   | Entered a bazaar
 11008 | Bazaar   | Found Kiogi's Armour Emporium.
 11008 | Bazaar   | Found Num Bai's Antique Weapon Shoppe.
 11029 | Bazaar   | Found Sayg's Distillery.
 11044 | Bazaar   | Found Suemid's Armour Shoppe.
 11059 | Bazaar   | Found Baxigoi Mupe's General Store.
 11110 | Bazaar   | Bought a +2 plate armour of fire resistance for 240 gold
                  | pieces
 11160 | Bazaar   | Bought a potion of curing for 39 gold pieces
 11174 | Bazaar   | Bought a +1 pair of gloves of strength for 165 gold pieces
 11316 | D:10     | Got a distressingly furry scale mail
 11326 | D:10     | Identified the +5 scale mail "Tuschy" {rF+ Dex+2} (You
                  | found it on level 10 of the Dungeon)
 12182 | D:12     | Noticed Psyche
 12188 | D:12     | Killed Psyche
 12363 | D:12     | Received a gift from Trog
 12446 | D:12     | Noticed a five-headed hydra
 12456 | D:12     | Killed a five-headed hydra
 12944 | Lair:1   | Entered Level 1 of the Lair of Beasts
 13111 | Lair:1   | Reached skill level 10 in Armour
 13772 | Lair:2   | Identified a scroll of acquirement
 13773 | Lair:2   | Found the +0 pair of fencer's gloves {Riposte Dex+3}
 14105 | Lair:2   | Reached skill level 1 in Evocations
 14701 | Lair:3   | Reached XP level 13. HP: 80/88 MP: 10/14
 14920 | Lair:3   | Found a staircase to the Swamp.
 15139 | Lair:3   | Found a staircase to the Snake Pit.
 15433 | Lair:4   | Reached skill level 15 in Maces & Flails
 15813 | Lair:4   | Received a gift from Trog
 17298 | Lair:5   | Noticed Kirke
 17318 | Lair:5   | Killed Kirke
 18100 | Lair:5   | Noticed Nessos
 18106 | Lair:5   | Killed Nessos
 18321 | Lair:6   | Entered Level 6 of the Lair of Beasts
 18361 | Lair:6   | Gained mutation: Your large and strong wings let you fly
                  | indefinitely. [Gargoyle growth]
 18361 | Lair:6   | Reached XP level 14. HP: 96/96 MP: 13/17
 18494 | Lair:6   | Noticed Josephine
 18509 | Lair:6   | Killed Josephine
 18533 | Lair:6   | Reached skill level 16 in Maces & Flails
 18538 | Lair:6   | Received a gift from Trog
 18554 | Lair:6   | Reached skill level 5 in Evocations
 20069 | Orc:1    | Entered Level 1 of the Orcish Mines
 20090 | Orc:1    | Received a gift from Trog
 20156 | Orc:2    | Entered Level 2 of the Orcish Mines
 20477 | Orc:2    | Noticed Azrael
 20490 | Orc:2    | HP: 1/96 [fire elemental[Azrael] (4)]
 20490 | Orc:2    | Killed from afar by an orc priest

Levels and vault maps discovered:
D:1:      lightli_arrival_noodles, layout_basic, serial_glass, glass_columns_a,
          glass_columns_a, glass_columns_a, glass_columns_c, glass_columns_a
D:2:      cheibrodos_old_hovel, layout_basic, grunt_temple_overflow_open,
          first_ration, minmay_split_cup_small
D:3:      layout_basic
D:4:      layout_cave_pools, kennysheep_okawaru_gauntlet,
          minmay_temple_entry_antechambers, hangedman_abyss_or_decor_stabs,
          uniq_sigmund, uniq_edmund, uniq_menkaure
D:5:      layout_rooms, lemuel_crystal_altar, lemuel_crystal_altar,
          lightli_temple_of_fire, lemuel_crystal_altar, minmay_misc_feat_doors,
          uniq_eustachio
D:6:      layout_loops_ring
D:7:      layout_basic, nicolae_overflow_crystal_walls, minmay_holes
D:8:      layout_layer_cave, ashenzari_conservatory_becter, erik_lair_island,
          minmay_misc_feat_rugged, eino_tiny_chamber, uniq_erica
D:9:      layout_layer_cave, david_orc_3, enter_bailey_2
D:10:     lemuel_flame_loot_2, layout_irregular_city, grunt_pizzeria,
          chequers_serial_rivers_room_a
D:11:     layout_rooms, serial_shops, bzr_firewalk, uniq_sonja
D:12:     layout_rooms, nrook_loot_triangle, uniq_psyche
D:13:     layout_big_octagon, lightli_vaults_fourway_checkpoint,
          ebering_ghost_gozag, uniq_maurice
Lair:1:   layout_cave_pods, grunt_megastairs_5
Lair:2:   layout_cave_pods
Lair:3:   layout_loops_ring, swamp_mist, dummy_snake_entry
Lair:4:   statuecave_lemuel, layout_hall_layers
Lair:5:   layout_cave_pods, minmay_slime_entry_oklob_enclosed,
          lemuel_fruit_fields, uniq_nessos, uniq_kirke
Lair:6:   minmay_lair_end_enchanted_forest, layout_cave_shapes, dpeg_oklob_1,
          uniq_josephine
Orc:1:    layout_caves, basic_altar
Orc:2:    st_orc_mages, layout_diamond_mine, uniq_azrael

Skill      XL: |  1  2  3  4  5  6  7  8  9 10 11 12 13 14 |
---------------+-------------------------------------------+-----
Dodging        | 2 |  2.3
Maces & Flails | 4 5 6 9 11 12 14 15 16 | 16.4
Armour         | 3 4 5 7 10 11 | 11.9
Fighting       | 4 5 7 9 10 12 13 14 | 14.4
Evocations     | 1 4 5 |  5.6

Action                   |  1- 3 |  4- 6 |  7- 9 | 10-12 | 13-15 || total
-------------------------+-------+-------+-------+-------+-------++-------
Melee: Mace              |   110 |   215 |       |       |       ||   325
       Flail             |       |     6 |   245 |   255 |       ||   506
       Dire flail        |       |       |       |   221 |       ||   221
       Great mace        |       |       |       |   166 |   525 ||   691
Throw: Stone             |       |       |       |       |    19 ||    19
       Dart              |       |       |       |       |    13 ||    13
Invok: Berserk           |     1 |     4 |     7 |    12 |    10 ||    34
       Trog's Hand       |       |       |     1 |     2 |       ||     3
Evoke: Wand              |       |       |       |       |     6 ||     6
  Use: Scroll            |       |       |    11 |    15 |     3 ||    29
       Potion            |       |       |     1 |     6 |     4 ||    11
  Eat: Chunk             |     3 |     9 |    15 |    31 |    21 ||    79
       Ration            |       |       |     1 |     2 |     2 ||     5
Armor: Animal skin       |    42 |       |       |       |       ||    42
       Ring mail         |    21 |   116 |    71 |       |       ||   208
       Plate armour      |       |       |   110 |   291 |       ||   401
       Scale mail        |       |       |       |   141 |   601 ||   742
Dodge: Dodged            |    95 |   163 |   110 |   221 |   420 ||  1009
       Rpst.: Great mace |       |       |       |     5 |   119 ||   124

Table legend:
 A = Non-vault XP
 B = Vault XP
 C = Vault XP percentage of total XP
 D = Non-vault monster count
 E = Vault monster count
 F = Vault count percentage of total count
                 A         B        C        D         E       F
            +---------+---------+-------+---------+---------+-------
      Total |   45395 |   26746 |  37.1 |     381 |     111 |  22.6
            +---------+---------+-------+---------+---------+-------
        D:1 |      23 |       0 |   0.0 |      16 |       0 |   0.0
        D:2 |      84 |      30 |  26.3 |      24 |       4 |  14.3
        D:3 |     117 |       0 |   0.0 |      24 |       0 |   0.0
        D:4 |     368 |     556 |  60.2 |      17 |       3 |  15.0
        D:5 |     184 |     217 |  54.1 |      11 |       1 |   8.3
        D:6 |    1192 |       0 |   0.0 |      23 |       0 |   0.0
        D:7 |     391 |       0 |   0.0 |       8 |       0 |   0.0
        D:8 |    1977 |    1687 |  46.0 |      23 |       9 |  28.1
        D:9 |    1629 |     237 |  12.7 |      20 |       9 |  31.0
       D:10 |    1895 |     578 |  23.4 |      29 |       2 |   6.5
       D:11 |    5036 |     820 |  14.0 |      28 |       1 |   3.4
       D:12 |    3582 |     434 |  10.8 |      28 |       1 |   3.4
     Lair:1 |    3834 |       0 |   0.0 |      14 |       0 |   0.0
     Lair:2 |    1030 |       0 |   0.0 |       4 |       0 |   0.0
     Lair:3 |    2991 |       0 |   0.0 |      13 |       0 |   0.0
     Lair:4 |    6584 |       0 |   0.0 |      19 |       0 |   0.0
     Lair:5 |    7437 |    4255 |  36.4 |      25 |       6 |  19.4
     Lair:6 |    5201 |   11641 |  69.1 |      25 |      55 |  68.8
      Orc:1 |     457 |       0 |   0.0 |       6 |       0 |   0.0
      Orc:2 |    1383 |    1019 |  42.4 |      24 |      11 |  31.4
     Bailey |       0 |    5272 | 100.0 |       0 |       9 | 100.0
            +---------+---------+-------+---------+---------+-------
